 Dungeon Crawl Stone Soup version 0.31-a0-263-ge8cad7f256 (webtiles) character file.

Game seed: 15466669093641373480

277 qw the Shooter (level 6, 0/35 HPs)
             Began as a Gargoyle Hexslinger on July 13, 2023.
             Slain by an orc priest
             ... wielding a +0 hand axe
              (3 damage)
             ... on level 4 of the Dungeon.
             The game lasted 00:00:59 (2058 turns).

qw the Shooter (Gargoyle Hexslinger)                Turns: 2058, Time: 00:01:00

Health: 0/35       AC: 15    Str: 11    XL:     6   Next: 25%
Magic:  7/7        EV: 15    Int: 14    God:
Gold:   138        SH:  0    Dex: 14    Spells: 6/7 levels left

rFire   + . .        Y - +1 sling
rCold   + . .        (no shield)
rNeg    + . .        a - +0 ring mail
rPois   inf          g - +4 helmet of the Other Side {rF+ rCorr}
rElec   +            (no cloak)
rCorr   +            (no gloves)
SInv    .            (no boots)
Will    .....        (no amulet)
Stlth   +            e - +5 ring of evasion
HPRegen 0.25/turn    d - ring of protection from cold
MPRegen 0.10/turn

%: no passive effects
@: no status effects
A: sickness immunity, AC +4, negative energy resistance 1, electricity
resistance, torment resistance 1, petrification resistance
a: no special abilities


You were on level 4 of the Dungeon.
You visited 1 branch of the dungeon, and saw 4 of its levels.

You collected 138 gold pieces.


Innate Abilities, Weirdness & Mutations

You are immune to sickness and miasma.
Your stone body is resilient. (AC +4)
You are immune to poison.
You resist negative energy. (rN+)
You are resistant to electric shocks. (rElec)
You are resistant to unholy torment.
You are immune to petrification.


   Skills:
 + Level 2.0 Fighting
 - Level 5.1 Ranged Weapons
 - Level 3.5 Armour
 - Level 1.5 Dodging
 - Level 1.0 Spellcasting
 - Level 2.6 Hexes


You had 6 spell levels left.
You knew the following spells:

 Your Spells              Type           Power      Damage    Failure   Level
a - Slow                  Hex            32%        N/A       21%         1

Your spell library contained the following spells:

 Spells                   Type           Power      Damage    Failure   Level
 Inner Flame              Hex/Fire       4%         N/A       71%         3
 Portal Projectile        Hex/Tloc       8%         N/A       71%         3
 Cause Fear               Hex            4%         N/A       89%         4

Inventory:

Hand Weapons
 Y - a +1 sling (weapon)
Armour
 a - a +0 ring mail (worn)
 g - the +4 helmet of the Other Side (worn) {rF+ rCorr}
   (You found it on level 2 of the Dungeon)

   rF:        It protects you from fire.
   rCorr:     It protects you from acid and corrosion.
Jewellery
 c - a +4 ring of slaying {mikee}
 d - a ring of protection from cold (right hand)
 e - a +5 ring of evasion (left hand)
Potions
 b - a potion of might
 f - a potion of haste {unknown}
 h - a potion of attraction {unknown}
 i - a potion of ambrosia {unknown}

Dungeon Overview and Level Annotations

Branches:
Dungeon (4/15)
 Temple: D:4-7

Altars:
Hepliaklqana
Wu Jian


Message History

The sling bullet hits the orc.
The orc is heavily wounded.
The adder closely misses you. Something hits you but does no damage.
The orc priest closely misses you. The adder closely misses you.
You shoot a sling bullet.
The sling bullet barely misses the adder.
The sling bullet barely misses the orc.
The adder closely misses you.
You shoot a sling bullet.
The sling bullet closely misses the adder.
The sling bullet barely misses the orc.
The adder barely misses you. The orc priest barely misses you.
The adder barely misses you. Something hits you but does no damage.
The orc priest barely misses you.
You shoot a sling bullet.
The sling bullet barely misses the adder.
The sling bullet hits the orc.
The orc is almost dead.
The adder misses you.
You hear some strange, mumbled words.
You are confused.
The orc priest hits you but does no damage.
The adder bites you. The adder closely misses you.
Something hits you but does no damage. The orc priest closely misses you.
The adder misses you. Something hits you. The orc priest barely misses you.
The adder bites you but does no damage.
You hear some strange, mumbled words.
A magic dart appears from out of thin air!
The magic dart hits you but does no damage.
The orc priest misses you. The adder misses you.
Something hits you but does no damage. The adder bites you but does no damage.
The orc priest barely misses you.
You feel less confused. The adder bites you but does no damage.
You hear some strange, mumbled words.
A puff of flame appears from out of thin air!
The puff of flame hits you. You resist.
The orc priest hits you with a +0 hand axe.
You die...

######### #.......#
#.......#
####......)############
..'.....).'...........
#..{o<..#####....###
#..@So..# #....#
#....######## #....#
### ###########....###
........%.........
#####...####......
#...#.........
#...#.........
####...#.......##
#....|.#.......#


You could see an orc priest, an adder and an orc.

Vanquished Creatures
  An ice beast (D:3)
  A phantom (D:4)
  4 adders (D:3)
  An ufetubus (D:4)
  3 worms
  5 orcs
  8 ball pythons
  2 endoplasms
  A giant cockroach (D:4)
  6 goblins
  7 hobgoblins
  7 jackals (D:2)
  3 quokkas (D:1)
  A bat (D:1)
  3 frilled lizards
  2 kobolds
  3 rats
58 creatures vanquished.

Notes
Turn   | Place    | Note
-------+----------+-------------------------------------------
     0 | D:1      | qw the Gargoyle Hexslinger began the quest for the Orb.
     0 | D:1      | Reached XP level 1. HP: 12/12 MP: 2/2
     0 | D:1      | 0 ||| qw: Version: 0.3-a-52-g30416fa
     0 | D:1      | 0 ||| qw: Game counter: 7222
     0 | D:1      | 0 ||| qw: Melee chars always use a shield: true
     0 | D:1      | 0 ||| qw: God list: Okawaru
     0 | D:1      | 0 ||| qw: Allow faded altars: false
     0 | D:1      | 0 ||| qw: Do Orc after clearing Dungeon:15 true
     0 | D:1      | 0 ||| qw: Do second Lair branch before Depths: true
     0 | D:1      | 0 ||| qw: Lair rune preference: random
     0 | D:1      | 0 ||| qw: Goals: Normal
     0 | D:1      | 0 ||| PLANNING D:1-11
   155 | D:1      | Reached XP level 2. HP: 16/16 MP: 3/3
   363 | D:1      | Reached skill level 3 in Ranged Weapons
   511 | D:1      | 511 ||| UPGRADING to +5 ring of evasion.
   512 | D:1      | 512 ||| READING 3 scrolls labelled NOFFICL KAXO.
   513 | D:1      | 513 ||| READING scroll labelled OZYMEF JAUG.
   514 | D:1      | 514 ||| READING scroll labelled ELOREETRAD.
   517 | D:1      | 517 ||| READING scroll labelled CUZIGI YFEKYN.
   518 | D:1      | 518 ||| DRINKING 2 purple potions.
   562 | D:1      | 562 ||| DROPPING 2 scrolls of revelation.
   563 | D:1      | 563 ||| DROPPING scroll of poison.
   564 | D:1      | 564 ||| DROPPING potion of lignification.
   645 | D:2      | Reached XP level 3. HP: 20/21 MP: 4/4
   705 | D:2      | Found an ornate altar of the Wu Jian Council.
   960 | D:2      | Identified the +4 helmet of the Other Side {rF+ rCorr}
  1253 | D:2      | 1253 ||| UPGRADING to +0 ring mail.
  1263 | D:2      | 1263 ||| DROPPING +0 robe.
  1264 | D:2      | 1264 ||| UPGRADING to +4 helmet of the Other Side {rF+
                  | rCorr}.
  1269 | D:2      | 1269 ||| UPGRADING to ring of protection from cold.
  1270 | D:2      | 1270 ||| READING scroll labelled PAPSOLASMUX.
  1271 | D:2      | 1271 ||| READING scroll labelled MOOBAMOMNO.
  1272 | D:2      | 1272 ||| DRINKING 2 brown potions.
  1296 | D:3      | Noticed an ice beast
  1314 | D:3      | Killed an ice beast
  1315 | D:3      | Reached skill level 3 in Armour
  1315 | D:3      | Reached XP level 4. HP: 26/26 MP: 5/5
  1315 | D:3      | Reached XP level 5. HP: 30/30 MP: 6/6
  1362 | D:3      | Found a hazy altar of Hepliaklqana.
  1527 | D:3      | Reached skill level 4 in Ranged Weapons
  1892 | D:3      | 1892 ||| DROPPING +1 hat.
  1893 | D:3      | 1893 ||| READING scroll labelled NATISHE NEIPP.
  1949 | D:4      | 1949 ||| STAIRDANCE
  2028 | D:4      | Noticed a phantom
  2047 | D:4      | Killed a phantom
  2048 | D:4      | Reached skill level 5 in Ranged Weapons
  2048 | D:4      | Reached XP level 6. HP: 13/35 MP: 7/7
  2048 | D:4      | HP: 7/35 [orc priest/nerve-wracking pain (6)]
  2053 | D:4      | HP: 7/35 [adder (2)]
  2058 | D:4      | HP: 3/35 [something/puff of flame (4)]
  2058 | D:4      | Slain by an orc priest

Levels and vault maps discovered:
D:1:      lemuel_arrival_behind_the_door_small, layout_rooms
D:2:      layout_loops_ring, basic_altar, minmay_liquid_box
D:3:      layout_basic, lemuel_doored_altar
D:4:      minmay_evil_eye, layout_basic, mainiacjoe_overflow_small_starburst,
          grunt_ministairs_9

Skill      XL: |  1  2  3  4  5 |
---------------+----------------+-----
Ranged Weapons | 3 5 |  5.1
Fighting       | 2 |  2.0
Armour         | 3 |  3.5
Dodging        | |  1.5
Spellcasting   | |  1.0
Hexes          | |  2.6

Action                     |  1- 3 |  4- 6 || total
---------------------------+-------+-------++-------
   Fire: Sling             |   116 |   125 ||   241
    Use: Scroll            |     6 |     1 ||     7
         Potion            |     2 |       ||     2
 Armour: Robe              |     9 |       ||     9
         Ring mail         |    14 |    39 ||    53
  Dodge: Dodged            |    66 |    94 ||   160

Table legend:
 A = Non-vault XP
 B = Vault XP
 C = Vault XP percentage of total XP
 D = Non-vault monster count
 E = Vault monster count
 F = Vault count percentage of total count
                 A         B        C        D         E       F
            +---------+---------+-------+---------+---------+-------
      Total |     391 |       5 |   1.3 |      56 |       2 |   3.4
            +---------+---------+-------+---------+---------+-------
        D:1 |      26 |       0 |   0.0 |      16 |       0 |   0.0
        D:2 |      37 |       0 |   0.0 |      17 |       0 |   0.0
        D:3 |     205 |       2 |   1.0 |      16 |       1 |   5.9
        D:4 |     123 |       3 |   2.4 |       7 |       1 |  12.5
            +---------+---------+-------+---------+---------+-------
